Unix NetHack Version 3.7.0-95 Work-in-progress - last build Jan 1 2024 20:51:50 (6a0ccc5fa2390e420dd2d488a2f9488d2ae3a63b,branch:master). Game began 2024-01-10 20:23:11, ended 2024-01-10 23:06:19. Arasaka, neutral female human Tourist --------- |........####%# --------- |.......| ## |...<...+ |.......| ###########........| |.......| ---.----- |........# # |.......|# ---------# # # # #### # # #--|------- #|........| #|...<....+ #.........| |.@....... ---------- Arasaka the Excursionist St:13 Dx:12 Co:17 In:13 Wi:10 Ch:15 Neutral Dlvl:6 $:3 HP:46(46) Pw:21(21) AC:0 Xp:6/465 T:5401 Latest messages: You hit the rock mole. You kill the rock mole! Where do you want to travel to? (For instructions type a '?') Where do you want to travel to? (For instructions type a '?') Where do you want to travel to? (For instructions type a '?') Where do you want to travel to? (For instructions type a '?') You feel strong! You must have been exercising diligently. You feel tough! You must have been leading a healthy life-style. Where do you want to travel to? (For instructions type a '?') You hear the splashing of a naiad. Really save? [yn] (n) Saving... Restoring save file... Aloha Arasaka, the human Tourist, welcome back to NetHack! Be careful! New moon tonight. Where do you want to travel to? (For instructions type a '?') You descend the stairs. This door is locked. Kick it? [ynq] (q) Thwack!! This door is locked. Kick it? [ynq] (q) Thwack!! This door is locked. Kick it? [ynq] (q) The giant ant just misses! You hit the giant ant. The giant ant bites! You miss the giant ant. The giant ant bites! You miss the giant ant. The giant ant misses! The giant ant misses! You kill the giant ant! The orc zombie misses! You hit the orc zombie! You destroy the orc zombie! The orc zombie misses! You destroy the orc zombie! You see here an orc corpse. # Really quit? [yn] (n) Inventory: Coins ('$') $ - 3 gold pieces Weapons (')') a - 39 blessed +2 darts (at the ready) x - the uncursed +0 Werebane (weapon in left hand) Armor ('[') T - an uncursed rustproof +0 dwarvish iron helm (being worn) U - an uncursed +0 pair of iron shoes (being worn) V - an uncursed +0 dwarvish mithril-coat (being worn) Comestibles ('%') g - an uncursed carrot b - 4 uncursed food rations Scrolls ('?') G - an uncursed scroll of blank paper M - an uncursed scroll of enchant armor i - 4 uncursed scrolls of magic mapping Rings ('=') K - a cursed ring of aggravate monster o - an uncursed ring of sustain ability Wands ('/') L - an uncursed wand of opening (0:6) S - an uncursed wand of secret door detection (0:13) Tools ('(') k - an uncursed expensive camera (0:59) p - an uncursed towel Arasaka the Tourist's attributes: Background: You were an Excursionist, a level 6 female human Tourist. You were neutral, on a mission for The Lady who was opposed by Blind Io (lawful) and Offler (chaotic). You were left-handed. You were in the Dungeons of Doom, on level 6. You entered the dungeon 5401 turns ago. It was nighttime. There was a new moon in effect when your adventure ended. You had 465 experience points, 175 more were needed to attain level 7. Basics: You had all 46 hit points. You had all 21 energy points (spell power). Your armor class was 0. Your wallet contained 3 zorkmids. Autopickup was on for '$"?' plus thrown, with exceptions. Final Characteristics: Your strength was 13 (limit:18/100). Your dexterity was 12 (limit:18). Your constitution was 17 (limit:18). Your intelligence was 13 (limit:18). Your wisdom was 10 (limit:18). Your charisma was 15 (limit:18). Final Status: You weren't hungry. You were unencumbered. You were wielding a saber. You had basic skill with saber and could have enhanced that. Final Attributes: You were piously aligned. You were guarded. You survived. Miscellaneous: You disabled loading of bones levels. Total elapsed playing time was 26 minutes and 26 seconds. Major events: Turn 1: Arasaka the neutral female human Tourist entered the dungeon 712: found Werebane on the floor 919: entered the Gnomish Mines 1176: attained the rank of Sightseer (level 3) 3225: entered Sokoban 4616: reached Mine Town 4702: attained the rank of Excursionist (level 6) 5401: quit Vanquished creatures: a small mimic a rock piercer a rock mole a pony a shrieker 2 gnome leaders 2 gnomish wizards a kobold mummy a straw golem a giant ant a little dog 2 dwarves a centipede a giant bat a monkey 4 orc zombies 3 dwarf zombies 2 wererats an iguana an acid blob 3 hobbits a hobgoblin 3 cave spiders a brown mold 2 red molds 12 gnomes 2 garter snakes 3 geckos 3 jackals 3 foxes 3 kobolds 7 goblins 4 sewer rats 5 grid bugs a lichen a kobold zombie 5 newts 88 creatures vanquished. No species were genocided or became extinct. Voluntary challenges: You read items or engraved 8 times. You never engraved Elbereth. You never genocided any monsters. You never polymorphed an object. You never changed form. You used no wishes. You did not violate any of the special Sokoban rules. Achievements: You entered a shop. You entered the Gnomish Mines. You attained the rank of Sightseer. You entered Sokoban. You entered Minetown. You entered a temple. You attained the rank of Excursionist. The Dungeons of Doom: levels 1 to 6 Level 1: Level 2: Some fountains. Stairs down to The Gnomish Mines. Level 3: Level 4: An altar to The Lady, a fountain. Level 5: Many fountains. Oracle of Delphi. Level 6: <- You were here. Stairs up to Sokoban, level 5. The Gnomish Mines: levels 3 to 6 Level 3: Level 4: Level 5: Level 6: A temple and an altar to The Lady, some fountains. Sokoban: Level 5: Unsolved. Aloha Arasaka the Tourist... You quit in The Dungeons of Doom on dungeon level 6 with 2120 points, and 3 pieces of gold, after 5401 moves. You were level 6 with a maximum of 46 hit points when you quit.